 Dungeon Crawl Stone Soup version 0.31-a0-845-g9abc20d24f (webtiles) character file.

Game seed: 18381544059358853078

777 wvc the Chiller (level 7, -1/46 HPs)
             Began as a Barachi Ice Elementalist on Oct 1, 2023.
             Was the Champion of Jiyva.
             Slain by a vampire mosquito (8 damage)
             ... on level 6 of the Dungeon.
             The game lasted 00:14:09 (5522 turns).

wvc the Chiller (Barachi Ice Elementalist)          Turns: 5522, Time: 00:14:10

Health: -1/46      AC:  4    Str: 10    XL:     7   Next: 84%
Magic:  14/14      EV: 12    Int: 33    God:    Jiyva [******]
Gold:   105        SH:  0    Dex: 12    Spells: 7/16 levels left

rFire   . . .        d - +1 trident "Gyaptano" {freeze, *Corrode rElec rPois Int+7}
rCold   + + .        (no shield)
rNeg    + . .        f - +2 robe {rC+}
rPois   +            (no helmet)
rElec   +            (no cloak)
rCorr   +            (no gloves)
SInv    +            (boots unavailable)
Will    +....        h - amulet of faith
Stlth   +++          p - ring "Paixkiqo" {rC+ rN+ Will+ Str+3}
HPRegen 1.87/turn    (no ring)
MPRegen 0.64/turn

%: corrode self (3%), clarity, faith
@: slow
A: amphibious, slowness 1, strong legs 1, +LOS, hooves 3, thin skeletal
structure 1, clarity, clever 2, eyeballs 3, evolution 1
a: Hop, Renounce Religion, Oozemancy, Slimify


You were on level 6 of the Dungeon.
You worshipped Jiyva.
Jiyva was exalted by your worship.
You visited 1 branch of the dungeon, and saw 6 of its levels.

You collected 212 gold pieces.
You spent 107 gold pieces at shops.

Inventory:

Hand Weapons
 c - the +1 flail "Zoosh" {vamp, rF+ Int+2 Dex+4}
   (You found it on level 5 of the Dungeon)

   Int+2:     It affects your intelligence (+2).
   Dex+4:     It affects your dexterity (+4).
   rF+:       It protects you from fire.
 d - the +1 trident "Gyaptano" (weapon) {freeze, *Corrode rElec rPois Int+7}
   (You found it on level 6 of the Dungeon)

   Int+7:     It affects your intelligence (+7).
   rElec:     It insulates you from electricity.
   rPois:     It protects you from poison *Corrode: It may corrode you when you
   take damage.
 j - a +1 dagger of holy wrath
Missiles
 a - 4 poisoned darts
 k - 4 boomerangs
Armour
 f - a +2 robe of cold resistance (worn)
Jewellery
 h - an amulet of faith (around neck)
 p - the ring "Paixkiqo" (left hand) {rC+ rN+ Will+ Str+3}
   (You found it on level 3 of the Dungeon)

   [ring of protection from cold]

   Str+3:     It affects your strength (+3).
   rC+:       It protects you from cold.
   rN+:       It protects you from negative energy.
   Will+:     It increases your willpower.
Scrolls
 n - a scroll of enchant armour
Potions
 b - 2 potions of magic
 g - a potion of invisibility


   Skills:
 - Level 2.1 Dodging
 - Level 1.7 Stealth
 + Level 5.2 Spellcasting
 * Level 3.6 Conjurations
 + Level 7.1 Ice Magic
 * Level 2.8 Air Magic
 * Level 2.7 Poison Magic


You had 7 spell levels left.
You knew the following spells:

 Your Spells              Type           Power      Damage    Failure   Level
a - Freeze                Ice            100%       1d10      1%          1
b - Magic Dart            Conj           100%       1d8       1%          1
c - Mephitic Cloud        Conj/Pois/Air  29%        N/A       4%          3
d - Summon Ice Beast      Ice/Summ       32%        N/A       11%         4

Your spell library contained the following spells:

 Spells                   Type           Power      Damage    Failure   Level
 Frozen Ramparts          Ice            100%       1d16      1%          3
 Ozocubu's Armour         Ice            54%        N/A       1%          3
 Apportation              Tloc           16%        N/A       4%          1
 Call Imp                 Summ           16%        N/A       7%          2


Dungeon Overview and Level Annotations

Branches:
Dungeon (6/15)             Temple (0/1) D:6

Altars:
Fedhas
Jiyva

Shops:
D:5 [

Annotations:
D:3 exclusion: ogre
D:4 1 runed translucent door, Crazy Yiuf
D:5 3 runed translucent doors, makewrite's ghost, novice MiFi


Innate Abilities, Weirdness & Mutations

You are amphibious.
You cover ground slowly.
You can hop short distances.
You have an extended range of vision and can be seen from far away.
You have hooves in place of feet.
You have a somewhat thin skeletal structure. (Dex +2, Stealth+)
You possess an exceptional clarity of mind.
Your mind is very acute. (Int +8, Str/Dex -2)
Your body is covered in eyes which may confuse attackers. (Acc +7, SInv)
You have hidden genetic potential.


Message History

The vampire mosquito draws strength from your injuries!
The vampire mosquito closely misses you.
You swap places.
The vampire mosquito bites you!
You shudder from the blow and a jelly pops out!
The vampire mosquito draws strength from your injuries!
The vampire mosquito bites your acid blob!
The vampire mosquito is burned by acid!
The vampire mosquito bites your acid blob.
The vampire mosquito is burned by acid!
Your acid blob spits acid at the vampire mosquito.
The splash of acid misses the vampire mosquito.
The vampire mosquito bites you!
The vampire mosquito barely misses your acid blob.
The vampire mosquito bites your acid blob!
The vampire mosquito is burned by acid!
The vampire mosquito is destroyed!
The vampire mosquito bites your acid blob!
The vampire mosquito is burned by acid!
Unknown command.
The vampire mosquito attacks as it pursues you!
The vampire mosquito bites you!
* * * LOW HITPOINT WARNING * * *
You shudder from the blow and a jelly pops out!
The vampire mosquito draws strength from your injuries!
The vampire mosquito bites your acid blob!
The acid corrodes the vampire mosquito!
The vampire mosquito is burned by acid!
Your acid blob misses the vampire mosquito.
The vampire mosquito bites your acid blob!
The vampire mosquito is burned by acid!
Your acid blob barely misses the vampire mosquito.
The vampire mosquito bites you.
* * * LOW HITPOINT WARNING * * *
The vampire mosquito draws strength from your injuries!
The vampire mosquito bites your acid blob.
The vampire mosquito is burned by acid!
The vampire mosquito attacks as it pursues you!
The vampire mosquito bites you.
* * * LOW HITPOINT WARNING * * *
The vampire mosquito bites you!
You die...

.#......##.######
................##
........##.......
...#....#......#
.....#...#....##
...####....†...#####
.....#..#...yJJ.#..##
........#..#.J.y....#
...........##.#y@..<#
..###.....##..####..#
.###.....###.## .#
.####.....##. #
..#.#...###..
..#J....# #..
##########...
.#...#...#...
.#.>...⌠.#


You could see 3 vampire mosquitoes, 2 friendly acid blobs and a friendly
rockslime (summoned).

Vanquished Creatures
  A water moccasin (D:6)
  An ice beast (D:5)
  A bullfrog (D:6)
  A scorpion (D:4)
  A howler monkey (D:5)
  An orc priest (D:4)
  An orc wizard (D:6)
  3 gnolls
  3 adders
  A worm (D:2)
  2 dart slugs
  5 orcs
  5 bats
  2 giant cockroaches
  4 goblins
  6 hobgoblins
  4 jackals (D:2)
  6 kobolds
  2 quokkas
  5 ball pythons
  4 frilled lizards
  5 rats
64 creatures vanquished.

Vanquished Creatures (collateral kills)
  A vampire mosquito (D:6)
  An ice beast (D:6)
  A gnoll sergeant (D:6)
  An orc priest (D:6)
  An orc wizard (D:6)
  A shadow imp (D:6)
  6 orcs (D:6)
12 creatures vanquished.

Vanquished Creatures (others)
  A shadow (D:6)
  A water moccasin (D:6)
  18 jellies
  2 hounds
  Ijyb (D:4)
  A sleepcap (D:5)
  An orc wizard (D:5)
  2 adders (D:5)
  A worm (D:3)
  5 orcs
  2 ball pythons (D:2)
  An endoplasm (D:4)
  A giant cockroach (D:3)
  2 frilled lizards
  A goblin (D:2)
40 creatures vanquished.

Grand Total: 116 creatures vanquished

Notes
Turn   | Place    | Note
-------+----------+-------------------------------------------
     0 | D:1      | wvc the Barachi Ice Elementalist began the quest for the
                  | Orb.
     0 | D:1      | Reached XP level 1. HP: 13/13 MP: 3/3
    99 | D:1      | Reached skill level 5 in Ice Magic
   186 | D:1      | Reached XP level 2. HP: 19/19 MP: 3/5
   411 | D:1      | Found a faded altar of an unknown god.
   421 | D:1      | Got a curious book
   422 | D:1      | Prayed at the altar of an unknown god.
   422 | D:1      | Became a worshipper of Jiyva Jieten the Shapeless
   422 | D:1      | Reached * piety under Jiyva
   613 | D:1      | Learned a level 1 spell: Magic Dart
  1048 | D:2      | Reached XP level 3. HP: 24/24 MP: 3/6
  1136 | D:2      | Reached ** piety under Jiyva
  1535 | D:2      | Reached *** piety under Jiyva
  1877 | D:3      | Reached skill level 6 in Ice Magic
  1882 | D:3      | Learned a level 3 spell: Mephitic Cloud
  1912 | D:3      | Gained mutation: You possess an exceptional clarity of
                  | mind. [Jiyva's grace]
  1912 | D:3      | Gained mutation: You expend magic power (3 MP) to
                  | strengthen your wands. [Jiyva's grace]
  1912 | D:3      | Gained mutation: Your mind is acute. (Int +4, Str/Dex -1)
                  | [Jiyva's grace]
  1912 | D:3      | Gained mutation: Your mind is very acute. (Int +8, Str/Dex
                  | -2) [Jiyva's grace]
  1912 | D:3      | Noticed an ogre
  1941 | D:3      | Reached XP level 4. HP: 30/30 MP: 5/8
  2360 | D:3      | Reached **** piety under Jiyva
  2380 | D:3      | Identified the ring "Paixkiqo" {rC+ rN+ Will+ Str+3}
  2876 | D:4      | Noticed a scorpion
  2886 | D:4      | Killed a scorpion
  2887 | D:4      | Reached skill level 1 in Conjurations
  2887 | D:4      | Reached skill level 1 in Air Magic
  2887 | D:4      | Reached XP level 5. HP: 34/35 MP: 6/10
  3003 | D:4      | Found a runed translucent door.
  3004 | D:4      | Noticed Crazy Yiuf
  3226 | D:4      | Noticed Ijyb
  3228 | D:4      | Killed Ijyb
  3392 | D:5      | Entered Level 5 of the Dungeon
  3398 | D:5      | Found a runed translucent gate.
  3398 | D:5      | Found a runed translucent gate.
  3398 | D:5      | Found a runed translucent gate.
  3399 | D:5      | Noticed makewrite's ghost (novice MiFi)
  3636 | D:5      | Reached ***** piety under Jiyva
  3636 | D:5      | Gained mutation: You have hidden genetic potential.
                  | [Jiyva's grace]
  3636 | D:5      | Gained mutation: You have great hidden genetic potential.
                  | [Jiyva's grace]
  3636 | D:5      | Gained mutation: You have a somewhat thin skeletal
                  | structure. (Dex +2, Stealth+) [Jiyva's grace]
  3636 | D:5      | Gained mutation: You have a moderately thin skeletal
                  | structure. (Dex +4, Stealth++) [Jiyva's grace]
  3670 | D:5      | Reached skill level 1 in Poison Magic
  3779 | D:5      | Noticed an ice beast
  4087 | D:5      | Identified the +1 flail "Zoosh" {vamp, rF+ Int+2 Dex+4}
  4149 | D:5      | Found Gaeh's Antique Armour Emporium.
  4199 | D:5      | HP: 1/52 [ice beast (4)]
  4200 | D:5      | Killed an ice beast
  4226 | D:5      | Bought a glowing robe for 107 gold pieces
  4705 | D:5      | Reached XP level 6. HP: 33/41 MP: 11/11
  4732 | D:6      | Gained mutation: You have large cloven feet. [hidden
                  | potential]
  4741 | D:6      | Found a blossoming altar of Fedhas.
  4885 | D:6      | Lost mutation: You have a moderately thin skeletal
                  | structure. (Dex +4, Stealth++) [Jiyva's grace]
  4885 | D:6      | Lost mutation: You expend magic power (3 MP) to strengthen
                  | your wands. [Jiyva's grace]
  4885 | D:6      | Gained mutation: Your body has grown eyes which may confuse
                  | attackers. (Acc +3) [Jiyva's grace]
  4885 | D:6      | Gained mutation: Your body has grown many eyes which may
                  | confuse attackers. (Acc +5) [Jiyva's grace]
  4885 | D:6      | Gained mutation: Your body is covered in eyes which may
                  | confuse attackers. (Acc +7, SInv) [Jiyva's grace]
  4885 | D:6      | Gained mutation: You have hoof-like feet. [Jiyva's grace]
  4892 | D:6      | Killed a water moccasin
  4903 | D:6      | Noticed a shadow
  4923 | D:6      | Killed a shadow
  4953 | D:6      | Reached XP level 7. HP: 34/46 MP: 9/13
  5065 | D:6      | Reached ****** piety under Jiyva
  5066 | D:6      | Identified the +1 trident "Gyaptano" {freeze, *Corrode
                  | rElec rPois Int+7}
  5082 | D:6      | Learned a level 4 spell: Summon Ice Beast
  5105 | D:6      | Gained mutation: You have hooves in place of feet. [hidden
                  | potential]
  5105 | D:6      | Lost mutation: You have great hidden genetic potential.
                  | [hidden potential expressed]
  5114 | D:6      | Noticed a vampire mosquito
  5115 | D:6      | Noticed a vampire mosquito
  5118 | D:6      | Noticed a vampire mosquito
  5270 | D:6      | Found a staircase to the Ecumenical Temple.
  5308 | D:6      | Reached skill level 5 in Spellcasting
  5308 | D:6      | Reached skill level 7 in Ice Magic
  5513 | D:6      | Noticed a vampire mosquito
  5520 | D:6      | Killed a vampire mosquito
  5522 | D:6      | Slain by a vampire mosquito

Illustrated notes

Levels and vault maps discovered:
D:1:      reono_arrival_mine, layout_basic, shapermc_ecumenical_altar_rom_forum,
          chequers_jeans, minmay_pentomino_u2
D:2:      kennysheep_big_flooded_room, layout_basic, nicolae_eternal_life
D:3:      layout_loops_corners
D:4:      layout_loops_cross, uniq_crazy_yiuf_cottage, uniq_ijyb
D:5:      layout_layer_cave, ebering_ghost_rock_garden, serial_shops,
          nicolae_shop_tiny_waterfront
D:6:      layout_cave_pools, mainiacjoe_overflow_cross_hatched,
          minmay_temple_entry_nine_rooms

Skill      XL: |  1  2  3  4  5  6  7 |
---------------+----------------------+-----
Ice Magic      | 5 6 7 |  7.1
Spellcasting   | 3 4 5 |  5.2
Conjurations   | 1 2 3 |  3.6
Air Magic      | 1 2 |  2.8
Poison Magic   | 1 2 |  2.7
Dodging        | |  2.1
Stealth        | |  1.7

Action                     |  1- 3 |  4- 6 |  7- 9 || total
---------------------------+-------+-------+-------++-------
  Melee: Unarmed           |     2 |       |       ||     2
         Dagger            |    42 |    26 |     1 ||    69
         Kick              |       |     3 |     9 ||    12
         Trident           |       |       |    23 ||    23
   Cast: Freeze            |    46 |    34 |     4 ||    84
         Magic Dart        |     3 |    30 |       ||    33
         Summon Ice Beast  |       |       |     2 ||     2
    Use: Scroll            |       |     9 |     1 ||    10
         Potion            |       |     1 |       ||     1
   Stab: Sleeping          |     1 |     1 |       ||     2
         Distracted        |       |       |     1 ||     1
 Armour: Robe              |    42 |    51 |    21 ||   114
  Dodge: Dodged            |    41 |    40 |    20 ||   101

Table legend: (Time is in decaauts)
 A = Elapsed time spent in this place.
 B = Non-inter-level travel time spent in this place.
 C = Inter-level travel time spent in this place.
 D = Time resting spent in this place.
 E = Time spent auto-exploring this place.
 F = Levels seen in this place.
 G = Mean time per level.
                   A        B        C        D        E       F      G
               +--------+--------+--------+--------+--------+-----+--------+
         Total |   6493 |   6175 |    318 |    239 |   5052 |   6 | 1082.2 |
       Dungeon |   6493 |   6175 |    318 |    239 |   5052 |   6 | 1082.2 |
               +--------+--------+--------+--------+--------+-----+--------+

Top non-repeatable levels by time:
     D:5: 1495 daAuts
     D:1: 1178 daAuts
     D:3: 1004 daAuts
     D:4: 979 daAuts
     D:2: 967 daAuts
     D:6: 868 daAuts
